Map: King Sejong Station LE

Players

SkyKiller - Winner!

  • Race: Protoss Protoss
  • League: Gold

YellowClaw

  • Race: Protoss Protoss
  • League: Gold

VOD

Have the link to the VOD?

Description

Time

  • Played on: June 4, 2016, 3:40 p.m.
  • Length: 6:23
Show
View Real Time Build Order
Export as new Build Order

SkyKiller Protoss - Winner!

Build Orders: Double Forge 

Get SALT Encoding   

  12  0:01  Probe (Chrono Boost)  
  13  0:12  Probe (Chrono Boost)  
  14  0:18  Pylon  
  14  0:24  Probe (Chrono Boost)  
  15  0:36  Probe (Chrono Boost)  
  15  0:42  Gateway  
  16  0:47  Probe (Chrono Boost)  
  17  0:52  Assimilator  
  17  0:59  Probe (Chrono Boost)  
  19  1:18  Probe (Chrono Boost)  
  19  1:24  Pylon  
  19  1:26  Forge  
  19  1:46  Zealot (Chrono Boost)  
  21  1:56  Pylon  
  21  2:18  Photon Cannon  
  21  2:19  Photon Cannon  
  23  2:30  Zealot (Chrono Boost)  
  21  2:41  Cybernetics Core  
  21  2:54  Photon Cannon  
  21  2:55  Photon Cannon  
  21  3:14  Probe  
  21  3:17  Stargate  
  21  3:19  Stargate  
  22  3:29  Pylon  
  22  3:49  Probe  
  22  3:51  Forge  
  22  3:54  Assimilator  
  23  4:10  Void Ray (Chrono Boost)  
  27  4:24  Photon Cannon x2  
  27  4:43  Void Ray (Chrono Boost)  
  35  5:24  Void Ray (Chrono Boost)  
  35  5:41  Void Ray (Chrono Boost)  
Show
View Real Time Build Order
Export as new Build Order

YellowClaw Protoss 

Build Orders: Cannon Rush 

Get SALT Encoding   

  12  0:01  Probe (Chrono Boost)  
  13  0:15  Pylon  
  13  0:19  Probe (Chrono Boost)  
  14  0:34  Forge  
  14  0:36  Probe (Chrono Boost)  
  15  0:46  Probe (Chrono Boost)  
  16  1:09  Pylon  
  16  1:37  Photon Cannon  
  15  1:43  Photon Cannon  
  15  1:47  Photon Cannon  
  15  1:52  Assimilator  
  15  2:03  Nexus  
  15  2:14  Pylon  
  15  2:16  Pylon  
  15  2:29  Probe (Chrono Boost)  
  16  2:39  Probe (Chrono Boost)  
  17  2:50  Probe (Chrono Boost)  
  18  3:00  Probe (Chrono Boost)  
  18  3:03  Pylon  
  19  3:11  Probe (Chrono Boost)  
  20  3:15  Probe (Chrono Boost)  
  21  3:21  Probe (Chrono Boost)  
  21  3:26  Probe (Chrono Boost)  
  23  3:29  Photon Cannon  
  23  3:32  Probe (Chrono Boost)  
  24  3:36  Probe (Chrono Boost)  
  25  3:42  Probe (Chrono Boost)  
  25  3:44  Assimilator  
  25  3:47  Probe (Chrono Boost)  
  27  3:53  Probe (Chrono Boost)  
  27  3:55  Assimilator  
  27  3:58  Probe (Chrono Boost)  
  27  3:59  Assimilator  
  28  4:07  Probe (Chrono Boost)  
  28  4:08  Probe (Chrono Boost)  
  30  4:17  Probe (Chrono Boost)  
  30  4:19  Probe (Chrono Boost)  
  32  4:28  Probe (Chrono Boost)  
  32  4:29  Probe (Chrono Boost)  
  35  4:38  Probe (Chrono Boost)  
  35  4:40  Probe (Chrono Boost)  
  36  4:48  Gateway  
  36  4:49  Probe (Chrono Boost)  
  36  4:50  Probe (Chrono Boost)  
  38  4:59  Probe (Chrono Boost)  
  39  5:01  Probe (Chrono Boost)  
  39  5:02  Pylon  
  40  5:10  Probe (Chrono Boost)  
  40  5:11  Probe (Chrono Boost)  
  42  5:15  Pylon  
  42  5:16  Pylon  
  42  5:18  Pylon  
  42  5:20  Pylon  
  42  5:22  Pylon  
  42  5:40  Photon Cannon  
  42  5:42  Photon Cannon  
  42  5:45  Photon Cannon  
  42  5:56  Pylon  
  42  6:01  Photon Cannon  
  42  6:08  Photon Cannon  
  42  6:10  Photon Cannon  
  42  6:15  Photon Cannon  
Tags
 
Add a new tag
Caveats
  • Supply blocks, unpowered buildings, or Contaminate may cause inaccurate times.
  • Supply counts are checked every 10 seconds.